 Dungeon Crawl Stone Soup version 0.31-a0-1009-g454b1f1e0a (webtiles) character file.

Game seed: 16470993392004808876

375 Dirtsage the Changeling (level 6, -13/42 HPs)
             Began as an Octopode Shapeshifter on Nov 15, 2023.
             Was an Initiate of Gozag.
             Mangled by an ice beast (14 damage)
             ... on level 4 of the Dungeon.
             The game lasted 00:06:21 (2585 turns).

Dirtsage the Changeling (Octopode Shapeshifter)     Turns: 2585, Time: 00:06:21

Health: -13/42     AC:  1    Str: 19    XL:     6   Next: 72%
Magic:  6/6        EV: 13    Int: 12    God:    Gozag
Gold:   368        SH:  0    Dex: 14    Spells: 5/5 levels left

rFire   . .          .
                       - Unarmed
rCold   . . .        (no shield)
rNeg    . . .        (helmet currently unavailable)
rPois   .            (no amulet)
rElec   .            f - +6 ring of strength
rCorr   .            (no ring)
SInv    .            (no ring)
Will    .....        (no ring)
Stlth   ++           (no ring)
HPRegen 0.27/turn    (no ring)
MPRegen 0.10/turn    (no ring)
                     (no ring)

%: no passive effects
@: beast-form, gold aura
A: beast (slay +3), almost no armour, amphibious, 8 rings, camouflage 1,
gelatinous body 1, (nimble swimmer 1), tentacles
a: Begin Untransformation, Renounce Religion, Potion Petition, Call Merchant,
Bribe Branch


You were on level 4 of the Dungeon.
You worshipped Gozag.
Gozag was aware of your devotion.
You were a hulking beast.
You visited 1 branch of the dungeon, and saw 4 of its levels.

You collected 454 gold pieces.
You spent 60 gold pieces at shops.
You paid 26 gold pieces to Gozag.

Inventory:

Jewellery
 f - a +6 ring of strength (left tentacle)
Talismans
 b - a beast talisman
 c - a flux talisman
Scrolls
 a - 2 scrolls of fog
 k - a scroll of noise
 p - 3 scrolls of poison
 t - 2 scrolls of teleportation
 B - a scroll of blinking
Potions
 d - a potion of haste {unknown}
 g - 2 potions of mutation {unknown}
 j - a potion of brilliance {unknown}
 l - 4 potions of heal wounds
 m - a potion of resistance {unknown}
 n - 3 potions of ambrosia
 o - a potion of enlightenment {unknown}
 q - 3 potions of curing


   Skills:
 + Level 3.3 Fighting
 - Level 2.0 Dodging
 + Level 4.4 Unarmed Combat
 * Level 5.2 Shapeshifting


You had 5 spell levels left.
You didn't know any spells.
Your spell library contained the following spells:

 Spells                   Type           Power      Damage    Failure   Level
 Apportation              Tloc           0%         N/A       32%         1
 Foxfire                  Conj/Fire      0%         2x1d4     32%         1
 Necrotise                Necr           0%         1d4       32%         1
 Summon Small Mammal      Summ           0%         N/A       32%         1
 Tukima's Dance           Hex            0%         N/A       69%         3
 Passage of Golubria      Tloc           0%         N/A       97%         4
 Iskenderun's Battlesphe  Conj           0%         2d6       100%        5
 Yara's Violent Unravell  Hex/Tmut       0%         3d3       100%        5
 Bombard                  Conj/Erth      0%         9d1       100%        6
 Plasma Beam              Fire/Air       0%         2x1d10    100%        6
 Starburst                Conj/Fire      0%         6d3       100%        6
 Spellforged Servitor     Conj/Summ      0%         N/A       100%        7


Dungeon Overview and Level Annotations

Branches:
Dungeon (4/15)
 Temple: D:4-7

Altars:
Cheibriados
Gozag
Makhleb
The Shining One

Shops:
D:4 *


Innate Abilities, Weirdness & Mutations

You are a hulking beast.
Your limbs bulge with bestial killing power. (Slay +3)
You cannot wear most types of armour.
You are amphibious.
You can wear up to eight rings at the same time.
Your skin changes colour to match your surroundings (Stealth+).
Your rubbery body absorbs attacks. (AC +1, EV +1)
((You are camouflaged when in or above water. (Stealth+)))
You have tentacles for arms and can constrict up to eight enemies at once.


Message History

You take 9 damage, and have 26/42 hp.
MASSIVE DAMAGE!!
You tentacle-slap the ice beast. Your squeeze misses the ice beast.
The ice beast is lightly wounded.
The ice beast misses you.
The orc is distracted by your dazzling golden aura.
You barely miss the ice beast.
The ice beast is lightly wounded.
The ice beast is distracted by your dazzling golden aura.
You tentacle-slap the ice beast.
The ice beast is no longer distracted by gold.
You squeeze the ice beast.
The ice beast is moderately wounded.
The orc is no longer distracted by gold.
The ice beast barely misses you. The orc hits you with a +0 hand axe.
You take 2 damage, and have 25/42 hp.
You tentacle-slap the ice beast but do no damage.
The ice beast is moderately wounded.
The ice beast hits you. The ice beast freezes you. The orc closely misses you.
You take 9 damage, and have 16/42 hp.
MASSIVE DAMAGE!!
You barely miss the ice beast. You squeeze the ice beast!
The ice beast is severely wounded.
The ice beast misses you. The orc misses you.
You barely miss the ice beast.
The ice beast is severely wounded.
The ice beast closely misses you. The orc closely misses you.
You bludgeon the ice beast!
The ice beast is almost dead.
The ice beast hits you. The ice beast freezes you.
* * * LOW HITPOINT WARNING * * *
The orc hits you with a +0 hand axe.
* * * LOW HITPOINT WARNING * * *
You take 14 damage, and have 3/42 hp.
MASSIVE DAMAGE!!
You closely miss the ice beast.
The ice beast is almost dead.
You hear a distant slurping noise.
The ice beast hits you.
* * * LOW HITPOINT WARNING * * *
The ice beast freezes you!
You die...
Your body crumbles into a pile of gold.

...#.....# #.....#..........
...#.....# ############.......
...#.....# #........#.........
...#.....#. ........#.........
####.....#... #.......#.........
#.....#....##.......#.........
+.....#.............#.........
#.....#....##Yo.$...#.........
#.....#....##h......#.........
#.....#.............#.........
####.....#.............#.........
.........#....##.......#.........
......)..#....##.......#.........
....###'##.............#.........
....#.........##########.........
....#.........##.. #.........
#####.............. #.........


You could see an ice beast and an orc.

Vanquished Creatures
  Pargi (D:4)
  An ogre (D:4)
  2 hounds
  Terence (D:3)
  3 adders
  A worm (D:4)
  A dart slug (D:4)
  3 orcs
  8 endoplasms
  4 giant cockroaches
  11 hobgoblins
  2 jackals
  4 quokkas
  6 ball pythons
  4 bats
  4 frilled lizards
  6 goblins
  6 kobolds
  3 rats
71 creatures vanquished.

Notes
Turn   | Place    | Note
-------+----------+-------------------------------------------
     0 | D:1      | Dirtsage the Octopode Shapeshifter began the quest for the
                  | Orb.
     0 | D:1      | Reached XP level 1. HP: 13/13 MP: 1/1
    86 | D:1      | Reached XP level 2. HP: 13/18 MP: 2/2
   373 | D:1      | Reached XP level 3. HP: 23/23 MP: 3/3
   701 | D:2      | Found an opulent altar of Gozag.
   710 | D:2      | Became a worshipper of Gozag Ym Sagoz the Greedy
  1135 | D:3      | Found a faded altar of an unknown god.
  1272 | D:3      | Reached XP level 4. HP: 29/29 MP: 4/4
  1288 | D:3      | Reached skill level 4 in Shapeshifting
  1654 | D:3      | Found a glowing golden altar of the Shining One.
  1654 | D:3      | Noticed Terence
  1665 | D:3      | Killed Terence
  1666 | D:3      | Reached XP level 5. HP: 28/35 MP: 5/5
  2057 | D:4      | Found a snail-covered altar of Cheibriados.
  2128 | D:4      | Noticed Pargi
  2137 | D:4      | Killed Pargi
  2138 | D:4      | Reached XP level 6. HP: 41/41 MP: 6/6
  2294 | D:4      | Found Odyno's General Store.
  2319 | D:4      | Bought a scroll of identify for 20 gold pieces
  2319 | D:4      | Bought a scroll of fog for 40 gold pieces
  2358 | D:4      | Found a burning altar of Makhleb.
  2413 | D:4      | Noticed an ice beast
  2433 | D:4      | Reached skill level 5 in Shapeshifting
  2585 | D:4      | HP: 1/42 [ice beast (2)]
  2585 | D:4      | Mangled by an ice beast

Illustrated notes

Levels and vault maps discovered:
D:1:      amcnicky_arrival_choice, layout_rooms
D:2:      layout_rooms, basic_altar, dk_noncrumbling_4
D:3:      layout_rooms, tso_altar, shapermc_ecumenical_altar_mp_ritualfount,
          minmay_distorted, uniq_terence
D:4:      layout_gridville, slow_altar_2, mainiacjoe_overflow_catwalk,
          serial_shops, shop, uniq_pargi

Skill      XL: |  1  2  3  4  5  6 |
---------------+-------------------+-----
Fighting       | 2 3 |  3.3
Shapeshifting  | 4 5 |  5.2
Unarmed Combat | 4 |  4.4
Dodging        | |  2.0

Action                     |  1- 3 |  4- 6 || total
---------------------------+-------+-------++-------
  Melee: Unarmed           |    67 |    72 ||   139
         Tentacles         |    12 |    15 ||    27
         Constrict         |    12 |    16 ||    28
         Punch             |       |     3 ||     3
    Use: Scroll            |       |     7 ||     7
         Potion            |       |     1 ||     1
   Stab: Sleeping          |     6 |     4 ||    10
 Armour: Skin              |    20 |    38 ||    58
  Dodge: Dodged            |    42 |    33 ||    75

Table legend: (Time is in decaauts)
 A = Elapsed time spent in this place.
 B = Non-inter-level travel time spent in this place.
 C = Inter-level travel time spent in this place.
 D = Time resting spent in this place.
 E = Time spent auto-exploring this place.
 F = Levels seen in this place.
 G = Mean time per level.
                   A        B        C        D        E       F      G
               +--------+--------+--------+--------+--------+-----+--------+
         Total |   2574 |   2425 |    149 |    275 |   1699 |   4 |  643.5 |
       Dungeon |   2574 |   2425 |    149 |    275 |   1699 |   4 |  643.5 |
               +--------+--------+--------+--------+--------+-----+--------+

Top non-repeatable levels by time:
     D:4: 800 daAuts
     D:3: 740 daAuts
     D:1: 634 daAuts
     D:2: 398 daAuts
